NCAA
STANFORD CARDINAL @ CONNECTICUT HUSKIES
05/20/2028
 
TOP OF THE 1ST
Stanford Cardinal batting - Pitching for Connecticut Huskies : RHP Gavin Shnairson
Pitching: RHP Gavin Shnairson
Batting: RHB Dave Bennett 0-0: Ball
1-0: SOLO HOME RUN (Flyball, 8LXD), Distance : 392 ft
Batting: RHB Rick McDonald 0-0: Swinging Strike
0-1: Ball
1-1: Bunt for hit - play at first, batter OUT! 1-3
Batting: SHB Gary King 0-0: Called Strike
0-1: Fly out, F7 (Flyball, 78M)
Batting: RHB Greg Nichols 0-0: Ball
1-0: Ground out 6-3 (Groundball, 6)
Top of the 1st over - 1 run(s), 1 hit(s), 0 error(s), 0 left on base; Stanford 1 - Connecticut 0
BOTTOM OF THE 1ST
Connecticut Huskies batting - Pitching for Stanford Cardinal : RHP Chris Miles
Pitching: RHP Chris Miles
Batting: RHB Anthony Payton 0-0: Swinging Strike
0-1: Foul Ball, location: 2F
0-2: Ball
1-2: Strikes out swinging
Batting: LHB Scot Lee 0-0: Ball
1-0: Ball
2-0: DOUBLE (Line Drive, 9LM)
Batting: RHB Bill Murray 0-0: Called Strike
0-1: Swinging Strike
0-2: Ball
1-2: Ball
2-2: Ball
3-2: Strikes out swinging
Batting: LHB Stanley Smith 0-0: Ball
1-0: Ball
2-0: Called Strike
2-1: Ball
3-1: Base on Balls
Batting: RHB Bill Starr 0-0: Fly out, F3 (Popup, 3L)
Bottom of the 1st over - 0 run(s), 1 hit(s), 0 error(s), 2 left on base; Stanford 1 - Connecticut 0
TOP OF THE 2ND
Stanford Cardinal batting - Pitching for Connecticut Huskies : RHP Gavin Shnairson
Batting: LHB Terry Barton 0-0: Ball
1-0: Foul Ball, location: 2F
1-1: Swinging Strike
1-2: Foul Ball, location: 2F
1-2: Foul Ball, location: 2F
1-2: Ball
2-2: Ball
3-2: Base on Balls
Batting: SHB Jimmy Wilson 0-0: Ball
1-0: Ball
2-0: Swinging Strike
2-1: Swinging Strike
2-2: Strikes out swinging
Batting: LHB José Soto 0-0: Called Strike
0-1: Ball
1-1: Foul Ball, location: 2F
1-2: Foul Ball, location: 2F
1-2: Ball
2-2: Ball
3-2: Base on Balls
Terry Barton to second
Batting: RHB Aaron Grant 0-0: Foul Ball, location: 2F
0-1: Foul Ball, location: 2F
0-2: Ball
1-2: Foul Ball, location: 2F
1-2: Foul Ball, location: 2F
1-2: Ball
2-2: DOUBLE (Line Drive, 7LM)
Terry Barton scores
José Soto to third
Batting: LHB David Hebert 0-0: Foul Ball, location: 2F
0-1: Ball
1-1: Foul Ball, location: 2F
1-2: Ball
2-2: Strikes out swinging
Batting: RHB Dave Bennett 0-0: Fly out, F3 (Popup, 3L)
Top of the 2nd over - 1 run(s), 1 hit(s), 0 error(s), 2 left on base; Stanford 2 - Connecticut 0
BOTTOM OF THE 2ND
Connecticut Huskies batting - Pitching for Stanford Cardinal : RHP Chris Miles
Batting: RHB Barrett Barr 0-0: Swinging Strike
0-1: Ball
1-1: Foul Ball, location: 2F
1-2: Ball
2-2: Ball
3-2: SINGLE (Line Drive, 4D)
Batting: RHB Jeff McQueen 0-0: Ball
1-0: Called Strike
1-1: Ball
2-1: Called Strike
2-2: Ball
3-2: Strikes out looking
Batting: RHB Bill Moore 0-0: Ball
1-0: Ball
2-0: Ball
3-0: Called Strike
3-1: Base on Balls
Barrett Barr to second
Batting: RHB John Hatch 0-0: Ball
1-0: Ball
2-0: Ball
3-0: Called Strike
3-1: Called Strike
3-2: Base on Balls
Barrett Barr to third
Bill Moore to second
Batting: RHB Anthony Payton 0-0: Ball
1-0: Ball
2-0: Ball
3-0: Called Strike
3-1: Base on Balls
Barrett Barr scores
Bill Moore to third
John Hatch to second
Batting: LHB Scot Lee 0-0: Ball
1-0: Called Strike
1-1: Ball
2-1: Foul Ball, location: 2F
2-2: Strikes out looking
Batting: RHB Bill Murray 0-0: SINGLE (Groundball, 4D)
Bill Moore scores
John Hatch to third
Anthony Payton to second
Runner from 3rd tries for Home, SAFE, no throw
Batting: LHB Stanley Smith 0-0: Called Strike
0-1: Called Strike
0-2: Ball
1-2: Ball
2-2: Ball
3-2: 3-RUN HOME RUN (Flyball, 9D), Distance : 357 ft
Pitching: RHP Marc Miller
Batting: RHB Bill Starr 0-0: Called Strike
0-1: Ball
1-1: Called Strike
1-2: Ball
2-2: Ball
3-2: SINGLE (Flyball, 9LS)
Batting: RHB Barrett Barr 0-0: Ball
1-0: Called Strike
1-1: Swinging Strike
1-2: Strikes out swinging
Bottom of the 2nd over - 6 run(s), 4 hit(s), 0 error(s), 1 left on base; Stanford 2 - Connecticut 6
TOP OF THE 3RD
Stanford Cardinal batting - Pitching for Connecticut Huskies : RHP Gavin Shnairson
Batting: RHB Rick McDonald 0-0: Ball
1-0: Swinging Strike
1-1: Foul Ball, location: 2F
1-2: Strikes out swinging
Batting: SHB Gary King 0-0: Called Strike
0-1: Ball
1-1: Called Strike
1-2: Fly out, F9 (Flyball, 9)
Batting: RHB Greg Nichols 0-0: SOLO HOME RUN (Flyball, 7D), Distance : 353 ft
Batting: LHB Terry Barton 0-0: DOUBLE (Flyball, 78XD)
Batting: SHB Jimmy Wilson 0-0: Ball
1-0: Ground out U3 (Groundball, 34)
Top of the 3rd over - 1 run(s), 2 hit(s), 0 error(s), 1 left on base; Stanford 3 - Connecticut 6
BOTTOM OF THE 3RD
Connecticut Huskies batting - Pitching for Stanford Cardinal : RHP Marc Miller
Batting: RHB Jeff McQueen 0-0: Ball
1-0: Swinging Strike
1-1: Ball
2-1: Foul Ball, location: 2F
2-2: Strikes out swinging
Batting: RHB Bill Moore 0-0: Called Strike
0-1: Fly out, F9 (Flyball, 89D)
Batting: RHB John Hatch 0-0: Ball
1-0: Ground out 5-3 (Groundball, 56)
Bottom of the 3rd over - 0 run(s), 0 hit(s), 0 error(s), 0 left on base; Stanford 3 - Connecticut 6
TOP OF THE 4TH
Stanford Cardinal batting - Pitching for Connecticut Huskies : RHP Gavin Shnairson
Batting: LHB José Soto 0-0: Ball
1-0: Swinging Strike
1-1: Ball
2-1: Ball
3-1: Called Strike
3-2: Foul Ball, location: 2F
3-2: Base on Balls
Batting: RHB Aaron Grant 0-0: Ball
1-0: Ball
2-0: Ball
3-0: Base on Balls
José Soto to second
Batting: LHB David Hebert 0-0: Fly out, F8 (Flyball, 8LS)
Batting: RHB Dave Bennett 0-0: Fielders Choice at 3rd, U5 (Groundball, 5L)
Aaron Grant to second
Batting: RHB Rick McDonald 0-0: Ball
1-0: Ball
Wild Pitch!
Aaron Grant to third
Dave Bennett to second
2-0: Ball
3-0: Base on Balls
Batting: SHB Gary King 0-0: Ground out 4-3 (Groundball, 4M)
Top of the 4th over - 0 run(s), 0 hit(s), 0 error(s), 3 left on base; Stanford 3 - Connecticut 6
BOTTOM OF THE 4TH
Connecticut Huskies batting - Pitching for Stanford Cardinal : RHP Marc Miller
Batting: RHB Anthony Payton 0-0: Foul Ball, location: 2F
0-1: Ball
1-1: Ball
2-1: Foul Ball, location: 2F
2-2: Foul Ball, location: 2F
2-2: Ball
3-2: Foul Ball, location: 2F
3-2: Base on Balls
Batting: LHB Scot Lee 0-0: Ball
1-0: Foul Ball, location: 2F
1-1: Ball
2-1: Foul Ball, location: 2F
2-2: Fielders Choice at 2nd, 4-6 (Groundball, 4M)
Batting: RHB Bill Murray 0-0: SINGLE (Flyball, 78S)
Scot Lee to second
Batting: LHB Stanley Smith 0-0: Foul Ball, location: 2F
0-1: Ball
1-1: Swinging Strike
1-2: 3-RUN HOME RUN (Flyball, 89XD), Distance : 369 ft
Pitching: RHP Michael Saunders
Batting: RHB Bill Starr 0-0: Called Strike
0-1: SINGLE (Groundball, 34D)
Batting: RHB Barrett Barr 0-0: SINGLE (Groundball, 3D)
Bill Starr to second
Runner from 2nd tries for 3rd, SAFE, throw made to third
Batting: RHB Jeff McQueen 0-0: Called Strike
Barrett Barr is caught stealing 2nd base
0-1: Ball
1-1: Ground out 5-3 (Groundball, 5S)
Bottom of the 4th over - 3 run(s), 4 hit(s), 0 error(s), 1 left on base; Stanford 3 - Connecticut 9
TOP OF THE 5TH
Stanford Cardinal batting - Pitching for Connecticut Huskies : RHP Gavin Shnairson
Batting: RHB Greg Nichols 0-0: Called Strike
0-1: Ground out 1-3 (Groundball, P)
Batting: LHB Terry Barton 0-0: Ball
1-0: Fly out, F6 (Popup, 6S)
Batting: SHB Jimmy Wilson 0-0: Ground out 3-1 (Groundball, 34)
Top of the 5th over - 0 run(s), 0 hit(s), 0 error(s), 0 left on base; Stanford 3 - Connecticut 9
BOTTOM OF THE 5TH
Connecticut Huskies batting - Pitching for Stanford Cardinal : RHP Michael Saunders
Batting: RHB Bill Moore 0-0: Called Strike
0-1: Ball
1-1: Swinging Strike
1-2: Strikes out swinging
Batting: RHB John Hatch 0-0: Ball
1-0: Ball
2-0: Foul Ball, location: 2F
2-1: Foul Ball, location: 2F
2-2: Foul Ball, location: 2F
2-2: Foul Ball, location: 2F
2-2: Reached on error, E6 (Groundball, 6)
Batting: RHB Anthony Payton 0-0: Ball
1-0: Ball
2-0: Fly out, F9 (Flyball, 89M)
Batting: LHB Scot Lee 0-0: Fly out, F5 (Popup, 56D)
Bottom of the 5th over - 0 run(s), 0 hit(s), 1 error(s), 1 left on base; Stanford 3 - Connecticut 9
TOP OF THE 6TH
Stanford Cardinal batting - Pitching for Connecticut Huskies : RHP Gavin Shnairson
Batting: LHB José Soto 0-0: Swinging Strike
0-1: Ball
1-1: Ball
2-1: Ground out 3-1 (Groundball, 34)
Pitching: LHP Steven Powell
Batting: RHB Aaron Grant 0-0: Called Strike
0-1: Ball
1-1: Ball
2-1: Foul Ball, location: 2F
2-2: Strikes out looking
Batting: LHB David Hebert 0-0: Foul Ball, location: 2F
0-1: Swinging Strike
0-2: Ball
1-2: Foul Ball, location: 2F
1-2: Strikes out swinging
Top of the 6th over - 0 run(s), 0 hit(s), 0 error(s), 0 left on base; Stanford 3 - Connecticut 9
BOTTOM OF THE 6TH
Connecticut Huskies batting - Pitching for Stanford Cardinal : RHP Michael Saunders
Batting: RHB Bill Murray 0-0: Ball
1-0: Called Strike
1-1: Ball
2-1: Foul Ball, location: 2F
2-2: Strikes out swinging
Batting: LHB Stanley Smith 0-0: Ball
1-0: Swinging Strike
1-1: Ball
2-1: Ball
3-1: Base on Balls
Batting: RHB Bill Starr 0-0: Ball
1-0: Ball
2-0: SINGLE (Line Drive, 8LS)
Stanley Smith to second
Runner from 2nd tries for 3rd, SAFE, no throw
Batting: RHB Barrett Barr 0-0: Ball
1-0: Ball
2-0: Ground out 3-1 (Groundball, 34S)
Stanley Smith scores
Bill Starr to second
Batting: RHB Jeff McQueen 0-0: Ball
1-0: Foul Ball, location: 2F
1-1: Ground out 5-3 (Groundball, 56S)
Bottom of the 6th over - 1 run(s), 1 hit(s), 0 error(s), 1 left on base; Stanford 3 - Connecticut 10
TOP OF THE 7TH
Stanford Cardinal batting - Pitching for Connecticut Huskies : LHP Steven Powell
Batting: RHB Dave Bennett 0-0: Ball
1-0: Called Strike
1-1: Swinging Strike
1-2: Strikes out swinging
Batting: RHB Rick McDonald 0-0: Ball
1-0: Called Strike
1-1: Reached on error, E9 (Flyball, 9S)
Batting: SHB Gary King 0-0: Ball
1-0: Ball
2-0: Ball
3-0: Base on Balls
Rick McDonald to second
Batting: RHB Greg Nichols 0-0: Grounds into double play, 4-6-3 (Groundball, 4)
Top of the 7th over - 0 run(s), 0 hit(s), 1 error(s), 1 left on base; Stanford 3 - Connecticut 10
BOTTOM OF THE 7TH
Connecticut Huskies batting - Pitching for Stanford Cardinal : RHP Michael Saunders
Batting: RHB Bill Moore 0-0: Foul Ball, location: 2F
0-1: SINGLE (Flyball, 78S)
Pitching: RHP Stan Franco
Batting: RHB John Hatch 0-0: Foul Ball, location: 2F
0-1: Swinging Strike
0-2: Ball
1-2: Ball
Wild Pitch!
Bill Moore to second
2-2: Foul Ball, location: 2F
2-2: Strikes out looking
Batting: RHB Anthony Payton 0-0: Called Strike
0-1: Ball
1-1: Foul Ball, location: 2F
1-2: Ball
2-2: Foul Ball, location: 2F
2-2: Foul Ball, location: 2F
2-2: Strikes out swinging
Batting: LHB Scot Lee 0-0: Ball
1-0: Fly out, F7 (Flyball, 7)
Bottom of the 7th over - 0 run(s), 1 hit(s), 0 error(s), 1 left on base; Stanford 3 - Connecticut 10
TOP OF THE 8TH
Stanford Cardinal batting - Pitching for Connecticut Huskies : LHP Steven Powell
Batting: LHB Terry Barton 0-0: Ball
1-0: DOUBLE (Line Drive, 8LM)
Pinch Hitting: RHB Dave Rogers 0-0: SINGLE (Groundball, 56D)
Terry Barton to third
Runner from 3rd tries for Home, SAFE, throw made home
Batting: LHB José Soto 0-0: Ball
1-0: Swinging Strike
1-1: Ball
2-1: Ball
3-1: Foul Ball, location: 2F
3-2: Base on Balls
Dave Rogers to second
Batting: RHB Aaron Grant 0-0: Called Strike
0-1: Grounds into double play, 6-4-3 (Groundball, 6)
Dave Rogers to third
Batting: LHB David Hebert 0-0: Called Strike
0-1: Foul Ball, location: 2F
0-2: Ball
1-2: Strikes out swinging
Top of the 8th over - 1 run(s), 2 hit(s), 0 error(s), 1 left on base; Stanford 4 - Connecticut 10
BOTTOM OF THE 8TH
Connecticut Huskies batting - Pitching for Stanford Cardinal : RHP Stan Franco
Now in RF: Dave Rogers
Batting: RHB Bill Murray 0-0: Called Strike
0-1: Ball
1-1: Called Strike
1-2: Foul Ball, location: 2F
1-2: Ground out 6-3 (Groundball, 6)
Batting: LHB Stanley Smith 0-0: Ball
1-0: Ball
2-0: Foul Ball, location: 2F
2-1: Ball
3-1: Base on Balls
Batting: RHB Bill Starr 0-0: Ball
1-0: Foul Ball, location: 2F
1-1: Ball
2-1: Fly out, F9 (Flyball, 9S)
Batting: RHB Barrett Barr 0-0: Called Strike
0-1: Fielders Choice at 2nd, 4-6 (Groundball, 4)
Bottom of the 8th over - 0 run(s), 0 hit(s), 0 error(s), 0 left on base; Stanford 4 - Connecticut 10
TOP OF THE 9TH
Stanford Cardinal batting - Pitching for Connecticut Huskies : LHP Steven Powell
Batting: RHB Dave Bennett 0-0: SOLO HOME RUN (Flyball, 7D), Distance : 347 ft
Pitching: RHP Broderick Hallamore
Batting: RHB Rick McDonald 0-0: Ball
1-0: Foul Ball, location: 2F
1-1: Called Strike
1-2: Ground out 4-3 (Groundball, 4S)
Batting: SHB Gary King 0-0: Ball
1-0: Called Strike
1-1: Reached on error, E3 (Groundball, 34S)
Batting: RHB Greg Nichols 0-0: Ball
1-0: Called Strike
1-1: SINGLE (Line Drive, 4)
Gary King to second
Throwing error, E9
Gary King scores
Greg Nichols to second
Batting: LHB Terry Barton 0-0: Called Strike
0-1: Foul Ball, location: 2F
0-2: Ball
1-2: Strikes out swinging
Batting: RHB Dave Rogers 0-0: Fly out, F8 (Flyball, 8RM)
Top of the 9th over - 2 run(s), 2 hit(s), 2 error(s), 1 left on base; Stanford 6 - Connecticut 10
Tuesday, August 8th, 2017 - OOTP Baseball 17.12 Build 75